Map: [ESL] Inside and Out

Players

Spirit - Winner!

  • Race: Terran Terran
  • Spawn Location: 1:00

HeroMarine

  • Race: Terran Terran
  • Spawn Location: 7:00

Event: DreamHack SC2 Masters 2022 Valencia

VOD

Have the link to the VOD?

Description

Time

  • Played on: July 2, 2022, 7:12 a.m.
  • Length: 11:46

All games in this series

Show
View Real Time Build Order
Export as new Build Order

Spirit Terran - Winner!

Build Orders:  

Get SALT Encoding   

  12  0:00  SCV  
  13  0:12  SCV  
  14  0:17  Supply Depot  
  14  0:24  SCV  
  15  0:38  SCV  
  15  0:40  Barracks  
  16  0:44  Refinery  
  16  0:50  SCV  
  16  0:52  Refinery  
  17  1:03  SCV  
  18  1:15  SCV  
  19  1:27  Orbital Command, Reaper  
  19  1:32  Supply Depot  
  20  1:42  Factory  
  20  1:53  SCV  
  21  1:59  Barracks Reactor  
  21  2:05  SCV  
  22  2:17  SCV  
  22  2:19  Command Center  
  23  2:29  SCV  
  24  2:30  Starport  
  24  2:38  Hellion  
  24  2:39  Hellion  
  28  2:44  Supply Depot  
  28  2:46  SCV  
  29  3:00  Hellion  
  29  3:01  Barracks Tech Lab  
  31  3:06  Hellion, Medivac  
  31  3:09  SCV  
  36  3:16  Refinery  
  36  3:21  SCV  
  37  3:32  Orbital Command  
  37  3:33  SCV  
  38  3:35  Marine x2  
  38  3:36  Starport Tech Lab  
  38  3:40  Cyclone  
  43  3:45  SCV  
  44  3:52  Supply Depot  
  44  3:56  Marine x2  
  44  3:57  SCV  
  44  3:59  SCV  
  48  4:04  Raven  
  48  4:09  SCV  
  51  4:14  Marine x2  
  51  4:16  SCV  
  52  4:21  Siege Tank  
  52  4:22  SCV  
  56  4:28  SCV  
  56  4:34  SCV  
  56  4:37  Supply Depot  
  57  4:40  SCV  
  57  4:45  Command Center  
  58  4:46  SCV  
  58  4:52  Raven, SCV  
  58  4:58  SCV  
  58  4:59  Supply Depot  
  61  5:03  Siege Tank  
  61  5:04  SCV  
  65  5:07  Marine  
  65  5:09  Marine  
  65  5:10  SCV  
  68  5:16  SCV  
  69  5:22  SCV, Supply Depot  
  67  5:28  SCV  
  67  5:35  Barracks, SCV  
  71  5:37  Barracks, Siege Tank  
  71  5:40  SCV  
  71  5:42  Refinery  
  73  5:47  SCV  
  73  5:48  Viking  
  73  5:49  Viking  
  78  5:50  Stimpack  
  78  5:52  SCV  
  78  5:55  Supply Depot  
  79  5:58  Orbital Command  
  79  5:59  SCV  
  80  6:05  SCV  
  80  6:09  Siege Tank  
  80  6:11  SCV  
  85  6:13  Engineering Bay  
  85  6:15  Engineering Bay  
  85  6:17  SCV  
  86  6:18  Viking  
  86  6:20  Viking  
  86  6:22  Barracks Reactor  
  86  6:24  Barracks Reactor  
  90  6:26  SCV x2  
  90  6:29  SCV  
  90  6:32  Supply Depot  
  93  6:38  SCV x2, Marine  
  93  6:39  Terran Infantry Weapons Level 1  
  96  6:40  Supply Depot  
  96  6:41  SCV, Terran Infantry Armor Level 1  
  97  6:48  Supply Depot  
  97  6:50  SCV x2  
  97  6:53  Viking, SCV  
  102  6:54  Viking  
  102  6:59  Marine x2  
  106  7:02  SCV x2  
  106  7:04  Barracks  
  106  7:05  Barracks, SCV  
  106  7:06  Marine x2  
  111  7:11  Refinery  
  111  7:14  SCV  
  113  7:15  SCV, Marine  
  113  7:17  Refinery, SCV, Marine  
  116  7:23  Liberator  
  116  7:24  Supply Depot x2  
  116  7:28  Siege Tank, Marine x2  
  116  7:29  Combat Shield, Marine  
  125  7:33  Marine  
  125  7:35  Marine  
  127  7:42  Sensor Tower  
  127  7:44  Armory  
  127  7:46  Marine  
  127  7:47  Marine x2  
  127  7:50  Command Center  
  130  7:51  Marine  
  130  7:53  Marine  
  130  7:57  Barracks Reactor x2  
  132  8:00  Supply Depot  
  132  8:02  Siege Tank  
  132  8:04  Marine  
  132  8:05  Marine x2  
  137  8:06  Supply Depot  
  137  8:09  Marine  
  137  8:10  Marine, Medivac x2  
  144  8:21  SCV x3, Supply Depot  
  144  8:22  Marine  
  144  8:23  Marine x2  
  144  8:26  Supply Depot  
  150  8:27  Marine  
  150  8:28  Marine  
  150  8:32  Supply Depot  
  150  8:33  Terran Infantry Weapons Level 2  
  155  8:34  Siege Tank  
  155  8:36  Marine x2  
  155  8:39  Marine x3  
  155  8:41  Marine x2  
  157  8:44  Marine  
  157  8:46  Marine  
  160  8:53  Marine x2  
  160  8:54  SCV  
  162  8:57  Marine x3  
  162  8:58  Marine  
  162  8:59  Marine  
  162  9:02  SCV, Marine  
  161  9:04  Marine  
  161  9:06  Siege Tank  
  161  9:08  SCV  
  161  9:09  SCV  
  165  9:11  Marine x2, Sensor Tower  
  165  9:15  Marine x3  
  165  9:16  Marine x2  
  172  9:20  Marine  
  172  9:22  Marine  
  166  9:29  Marine x2  
  149  9:32  Marine x2  
  149  9:33  Marine  
  149  9:34  Marine x2, Medivac  
  149  9:38  Siege Tank, Marine  
  156  9:39  Marine  
  158  9:47  SCV, Marine x2  
  158  9:50  Marine x2  
  158  9:51  Marine  
  158  9:52  Marine x2  
  155  9:56  Marine, Planetary Fortress  
  155  9:57  Marine  
  155  9:58  Refinery  
  152  10:00  Refinery  
  152  10:02  Medivac  
  152  10:03  SCV  
  152  10:04  Factory  
  152  10:05  SCV, Marine x2  
  158  10:08  Marine x3  
  158  10:10  Siege Tank, Marine x2  
  158  10:14  Marine, Starport  
  167  10:15  Marine  
  168  10:22  Marine  
  168  10:23  Marine  
  168  10:26  Marine x3  
  168  10:27  Marine  
  168  10:28  Marine  
  172  10:31  Marine  
  172  10:33  Marine  
  157  10:40  Marine x2  
  157  10:42  Siege Tank  
  162  10:43  Liberator  
  162  10:44  Marine x3  
  162  10:45  Marine x2  
  162  10:49  Marine  
  171  10:53  Liberator  
  171  10:54  Marine  
  175  10:58  Marine x2  
  175  11:01  Marine  
  175  11:02  Marine  
  175  11:03  Marine  
  155  11:06  Marine x2  
  155  11:07  Marine  
  145  11:12  Marine  
  145  11:16  Marine x2  
  151  11:19  Marine x2  
  151  11:21  Marine  
  151  11:24  Marine  
  155  11:26  Marine  
  155  11:28  Marine  
Show
View Real Time Build Order
Export as new Build Order

HeroMarine Terran 

Build Orders:  

Get SALT Encoding   

  12  0:00  SCV  
  13  0:12  SCV  
  14  0:17  Supply Depot  
  14  0:24  SCV  
  15  0:38  SCV  
  15  0:40  Barracks  
  16  0:44  Refinery  
  16  0:50  SCV  
  16  0:52  Refinery  
  17  1:03  SCV  
  18  1:15  SCV  
  19  1:27  Orbital Command, Reaper  
  19  1:31  Supply Depot  
  20  1:41  Factory  
  20  1:52  SCV  
  21  1:59  Reaper  
  22  2:04  SCV  
  23  2:15  Command Center  
  23  2:18  SCV  
  24  2:25  Hellion  
  26  2:30  SCV  
  26  2:31  Reaper  
  26  2:34  Supply Depot  
  28  2:42  SCV  
  29  2:46  Widow Mine  
  31  2:55  SCV  
  31  2:56  Starport  
  32  3:03  Barracks Reactor  
  32  3:07  SCV  
  32  3:08  Factory Tech Lab  
  33  3:16  Refinery  
  33  3:19  SCV  
  34  3:27  Orbital Command, Cyclone  
  34  3:32  SCV  
  34  3:33  Starport Tech Lab  
  38  3:40  Marine x2  
  40  3:44  SCV  
  41  3:52  Raven  
  41  3:53  SCV  
  44  3:56  SCV  
  45  4:02  Command Center  
  45  4:05  Marine  
  45  4:10  SCV  
  45  4:11  SCV  
  45  4:18  Siege Tank  
  45  4:22  SCV  
  50  4:24  SCV  
  50  4:26  Supply Depot  
  49  4:34  SCV  
  49  4:35  Raven  
  49  4:36  SCV  
  53  4:38  Marine  
  54  4:47  Marine, SCV, Supply Depot  
  54  4:48  SCV  
  57  4:59  SCV, Siege Tank  
  61  5:00  SCV  
  61  5:05  Refinery  
  62  5:08  Marine x2  
  62  5:10  Supply Depot  
  62  5:11  SCV  
  62  5:12  SCV  
  66  5:24  SCV  
  66  5:25  SCV  
  66  5:28  Orbital Command  
  64  5:31  Siege Tank  
  67  5:36  SCV  
  67  5:38  SCV  
  67  5:39  Viking x2  
  67  5:40  Marine, Stimpack  
  74  5:48  SCV  
  75  5:50  SCV  
  75  5:54  Orbital Command  
  76  5:57  Marine  
  76  6:00  SCV  
  76  6:02  Barracks, SCV  
  76  6:04  Barracks, Siege Tank  
  81  6:12  SCV  
  81  6:13  Engineering Bay  
  81  6:14  Engineering Bay, SCV  
  81  6:15  Marine  
  81  6:16  Supply Depot  
  84  6:23  Viking  
  84  6:24  SCV  
  87  6:26  SCV  
  87  6:28  Viking  
  87  6:30  SCV  
  91  6:36  SCV  
  91  6:38  SCV, Siege Tank, Supply Depot x2  
  96  6:42  SCV  
  96  6:43  Terran Infantry Armor Level 1  
  96  6:44  Terran Infantry Weapons Level 1  
  97  6:48  SCV  
  97  6:50  SCV  
  97  6:51  Barracks Reactor x2  
  99  6:54  SCV  
  100  7:03  SCV x2  
  100  7:06  SCV  
  100  7:07  Viking  
  105  7:08  Barracks, Refinery  
  105  7:09  Refinery, Barracks  
  105  7:11  Viking  
  105  7:13  Siege Tank  
  110  7:17  SCV x2, Supply Depot  
  110  7:18  Supply Depot  
  110  7:19  SCV  
  110  7:20  Marine  
  114  7:29  SCV x2, Combat Shield  
  116  7:31  SCV  
  117  7:38  Marine x5  
  117  7:40  Sensor Tower  
  117  7:43  Command Center  
  117  7:44  SCV x3  
  125  7:55  Armory  
  125  7:56  Marine x5  
  125  7:57  Supply Depot  
  125  7:58  Supply Depot  
  130  7:59  Siege Tank  
  133  8:07  Barracks Reactor x2  
  133  8:11  SCV x3, Medivac x2  
  139  8:14  Marine x2  
  139  8:15  Marine  
  139  8:18  Marine x2  
  139  8:19  Missile Turret  
  143  8:24  Factory  
  143  8:31  Siege Tank, Marine x2  
  143  8:33  Marine  
  149  8:35  SCV x3  
  149  8:36  Marine x2  
  149  8:41  Viking x2  
  152  8:44  Supply Depot  
  152  8:45  Marine  
  152  8:46  Marine  
  157  8:52  Marine  
  157  8:54  SCV, Marine  
  157  8:55  Marine x3  
  159  8:58  Marine x2  
  159  8:59  SCV x2  
  164  9:03  Marine x2  
  164  9:08  Siege Tank  
  164  9:09  SCV  
  164  9:10  Marine  
  164  9:11  Viking x2, SCV x2  
  164  9:12  Marine  
  164  9:13  Marine x3  
  164  9:16  Marine  
  162  9:26  Marine x2  
  162  9:27  Marine  
  162  9:28  Marine  
  162  9:30  Marine  
  155  9:33  Marine  
  155  9:34  Marine  
  155  9:35  Marine  
  155  9:37  SCV x2, Planetary Fortress  
  157  9:39  SCV  
  157  9:40  Siege Tank, Marine  
  157  9:41  Medivac x2  
  157  9:43  Marine x2  
  162  9:45  Marine x2  
  162  9:48  Marine  
  162  9:49  SCV  
  162  9:51  SCV x2, Marine  
  162  9:52  Marine x2  
  164  9:58  Marine  
  161  10:01  SCV, Marine x2  
  161  10:03  Marine x2  
  166  10:11  Viking x2  
  166  10:12  Siege Tank  
  172  10:19  Marine x2  
  170  10:29  Marine x2  
  170  10:31  Barracks Reactor  
  170  10:32  Marine x2  
  177  10:38  Marine x2  
  177  10:39  Marine  
  167  10:44  Medivac, Siege Tank, Marine, Supply Depot  
  167  10:45  Supply Depot  
  167  10:47  Medivac  
  167  10:48  Siege Tank  
  167  10:49  Marine x2  
  163  10:52  Marine  
  163  10:53  Marine  
  163  10:56  Marine x2  
  157  11:02  Marine x2  
  133  11:06  Marine  
  133  11:07  Marine x3  
  133  11:10  Marine  
  133  11:11  Marine  
  123  11:14  Marine x2  
  128  11:20  Marine x2  
  128  11:24  Marine x2  
  128  11:25  Marine x2  

Tags
 
Add a new tag
Caveats
  • Supply blocks, unpowered buildings, or Contaminate may cause inaccurate times.
  • Supply counts are checked every 10 seconds.